Map: Prion Terraces

Players

Haighstrom - Winner!

  • Race: Zerg Zerg
  • League: Gold

Davidesja

  • Race: Zerg Zerg
  • League: Platinum

VOD

Have the link to the VOD?

Description

Time

  • Played on: Nov. 11, 2015, 6:42 a.m.
  • Length: 6:33
Show
View Real Time Build Order
Export as new Build Order

Haighstrom Zerg - Winner!

Build Orders: Hatch First, Zergling Baneling 

Get SALT Encoding   

  12  0:00  Drone  
  13  0:13  Overlord  
  13  0:17  Drone  
  14  0:31  Drone x2  
  14  0:35  Drone  
  17  0:53  Hatchery  
  16  0:58  Drone  
  16  1:02  Drone, Extractor  
  17  1:18  Spawning Pool  
  17  1:20  Drone  
  17  1:22  Drone  
  18  1:32  Drone  
  19  1:39  Drone  
  20  1:50  Drone  
  21  2:00  Overlord  
  21  2:05  Queen x2  
  21  2:06  Zergling x2  
  26  2:10  Metabolic Boost  
  26  2:19  Drone x2  
  28  2:29  Baneling Nest  
  27  2:34  Drone x3  
  30  2:42  Evolution Chamber  
  29  2:45  Overlord  
  29  2:52  Drone x2  
  31  2:59  Drone  
  31  3:00  Drone  
  31  3:05  Overlord  
  32  3:11  Zerg Melee Weapons Level 1  
  32  3:14  Drone x3  
  32  3:17  Overlord  
  35  3:21  Zergling x2  
  35  3:22  Zergling x2  
  35  3:23  Zergling x2  
  35  3:25  Zergling x2  
  39  3:30  Overlord  
  39  3:35  Zergling x4  
  39  3:40  Baneling  
  41  3:41  Baneling  
  41  3:44  Zergling x2  
  42  3:48  Zergling x10  
  42  3:50  Zergling x2  
  42  3:54  Baneling x2  
  48  4:02  Zergling x6  
  39  4:22  Zergling x14  
  45  4:24  Baneling  
  45  4:25  Baneling x3  
  45  4:30  Baneling  
  45  4:32  Zergling x2  
  42  4:45  Zergling x8  
  44  4:53  Zergling x12  
  50  5:00  Zergling x4  
  52  5:12  Zergling x4  
  53  5:15  Baneling  
  53  5:16  Hatchery, Baneling  
  53  5:17  Baneling x2  
  53  5:18  Baneling  
  53  5:19  Zergling x2  
  53  5:23  Zergling x10  
  42  5:50  Zergling x10  
  46  5:57  Zergling x12  
  46  6:00  Baneling  
  46  6:01  Baneling x4  
  52  6:06  Zergling x2  
Show
View Real Time Build Order
Export as new Build Order

Davidesja Zerg 

Build Orders: Hatch First 

Get SALT Encoding   

  12  0:01  Drone  
  13  0:13  Overlord  
  13  0:19  Drone  
  14  0:31  Drone x2  
  16  0:36  Drone  
  17  0:53  Hatchery  
  17  0:55  Drone  
  17  1:08  Spawning Pool  
  17  1:10  Drone  
  17  1:16  Drone, Extractor  
  17  1:20  Drone  
  18  1:28  Drone  
  19  1:39  Overlord  
  19  1:53  Drone  
  20  1:55  Queen  
  22  2:02  Zergling x2  
  22  2:07  Drone  
  24  2:09  Queen  
  24  2:12  Drone  
  27  2:17  Metabolic Boost  
  27  2:20  Drone  
  28  2:24  Overlord  
  28  2:38  Drone x2  
  28  2:43  Baneling Nest  
  29  2:47  Zergling x2  
  29  2:48  Zergling x2  
  31  2:57  Zergling x2  
  31  2:58  Zergling x2  
  33  3:06  Zergling x2  
  33  3:17  Zergling x2  
  33  3:18  Zergling x8  
  38  3:27  Zergling x2  
  38  3:28  Zergling x6  
  38  3:32  Overlord  
  42  3:44  Baneling x7  
  42  3:54  Zergling x12  
  48  4:03  Zergling x6  
  37  4:19  Zergling x2  
  37  4:20  Zergling x2  
  37  4:22  Zergling x2  
  37  4:23  Zergling x4  
  42  4:37  Zergling x2  
  34  4:46  Zergling x2  
  35  4:59  Zergling x12  
  41  5:09  Zergling x2  
  39  5:17  Roach Warren, Zergling x2  
  39  5:21  Baneling  
  39  5:22  Baneling x4  
  39  5:25  Zergling x6, Extractor  
  39  5:26  Zergling x8  
  45  5:33  Zergling x4  
  42  5:40  Zergling x2  
  30  5:50  Zergling x10  
  30  5:52  Zergling x2  
  30  5:53  Zergling x4  
  35  6:03  Zergling x2  
  33  6:10  Zergling x2  
  29  6:11  Zergling x2  
  29  6:14  Zergling x2  
Tags
 
Add a new tag
Caveats
  • Supply blocks, unpowered buildings, or Contaminate may cause inaccurate times.
  • Supply counts are checked every 10 seconds.